 Dungeon Crawl Stone Soup version 0.30.1-9-gdf580d7c3d (webtiles) character file.

Game seed: 7240390167584772242

293 KittyFluff the Cudgeller (level 6, -1/39 HPs)
             Began as a Gargoyle Berserker on Oct 7, 2023.
             Was a Believer of Trog.
             Slain by an orc wizard
             ... wielding a +0 dagger
              (2 damage)
             ... on level 4 of the Dungeon.
             The game lasted 00:08:14 (2246 turns).

KittyFluff the Cudgeller (Gargoyle Berserker)       Turns: 2246, Time: 00:08:15

Health: -1/39      AC:  8    Str: 22    XL:     6   Next: 33%
Magic:  6/6        EV: 11    Int:  8    God:    Trog [**....]
Gold:   212        SH:  2    Dex:  9    Spells: 5/5 levels left

rFire   . . .        k - +0 mace (drain)
rCold   . . .        c - +0 buckler
rNeg    + . .        b - +0 animal skin
rPois   ∞            (no helmet)
rElec   +            (no cloak)
rCorr   +            (no gloves)
SInv    .            i - +0 pair of boots
Will    +....        (no amulet)
Stlth   +            t - ring of willpower
HPRegen 0.26/turn    v - ring of resist corrosion
MPRegen 0.10/turn

%: no passive effects
@: no status effects
A: sickness immunity, AC +4, negative energy resistance 1, electricity
resistance, torment resistance 1, petrification resistance
a: Renounce Religion, Berserk, Trog's Hand


You were on level 4 of the Dungeon.
You worshipped Trog.
Trog was pleased with you.
You visited 1 branch of the dungeon, and saw 5 of its levels.

You collected 212 gold pieces.

Inventory:

Hand Weapons
 a - a +0 mace
 k - a +0 mace of draining (weapon)
Armour
 b - a +0 animal skin (worn)
 c - a +0 buckler (worn)
 i - a +0 pair of boots (worn)
Jewellery
 t - a ring of willpower (left hand)
 v - a ring of resist corrosion (right hand)
Scrolls
 d - 2 scrolls of amnesia {unknown}
 g - a scroll of immolation {unknown}
 l - a scroll of fear {unknown}
 m - 3 scrolls of identify {unknown}
 n - 2 scrolls of brand weapon {unknown}
 r - a scroll of acquirement {unknown}
 s - a scroll of vulnerability {unknown}
 u - a scroll of fog {unknown}
Potions
 e - 3 potions of flight {unknown}
 f - 2 potions of curing {unknown}
 h - a potion of brilliance {unknown}
 j - a potion of degeneration {unknown}
 o - a potion of haste {unknown}
 p - a potion of attraction {unknown}
 q - a potion of mutation {unknown}


   Skills:
 + Level 4.3 Fighting
 * Level 4.6 Maces & Flails
 * Level 4.5 Armour
 + Level 2.4 Dodging


You had 5 spell levels left.
You didn't know any spells.
Your spell library was empty.

Dungeon Overview and Level Annotations

Branches:
Dungeon (5/15)
 Temple: D:4-7

Altars:

Annotations:
D:3 Sigmund


Innate Abilities, Weirdness & Mutations

You are immune to sickness and miasma.
Your stone body is resilient. (AC +4)
You are immune to poison.
You resist negative energy. (rN+)
You are resistant to electric shocks. (rElec)
You are resistant to unholy torment.
You are immune to petrification.


Message History

The magic dart hits you. The orc hits you but does no damage.
You miss something. The orc barely misses you.
Something hits you but does no damage. The orc completely misses you.
You barely miss the orc. You block the orc's attack.
Something hits you but does no damage. The orc closely misses you.
You completely miss the orc. The orc barely misses you.
The orc hits you with a +0 hand axe. Something hits you.
You block the orc's attack. Something hits you but does no damage.
The orc misses you.
You thump the orc!
You kill the orc!
Trog accepts your kill. Something hits you. The orc completely misses you.
You hit the orc. You drain the orc.
The orc is heavily wounded.
The orc barely misses you. Something completely misses you.
You barely miss the orc.
The orc is heavily wounded.
You block the orc's attack. Something hits you.
You sock the orc!
You kill the orc!
Trog accepts your kill. Something hits you but does no damage.
You miss something. Something hits you but does no damage. Something hits you.
* * * LOW HITPOINT WARNING * * *
You completely miss something.
You hear some strange, mumbled words.
A puff of flame appears from out of thin air!
The puff of flame hits you.
* * * LOW HITPOINT WARNING * * *
You closely miss something. Something hits you but does no damage.
You barely miss something. Something hits you but does no damage.
You closely miss something.
You hear some strange, mumbled words.
A puff of flame appears from out of thin air!
The puff of flame hits you!
* * * LOW HITPOINT WARNING * * *
Something hits you but does no damage.
You hit something. Something hits you.
You die...

#....#........
#....#...#####
#....#.>##
#....#..#
#########...####
#..#.#..#...#
#..........>#
#...{)......#
#...@)......#
##.####..##.#
### #..####
..... .....o.
....###o. ###..#
..


There were no monsters in sight!

Vanquished Creatures
  A scorpion (D:5)
  2 orc priests
  Jessica (D:2)
  An orc wizard (D:5)
  4 gnolls
  2 adders (D:2)
  6 worms
  5 orcs
  4 ball pythons
  6 bats
  An endoplasm (D:1)
  A giant cockroach (D:2)
  4 goblins (D:2)
  3 hobgoblins (D:1)
  4 jackals (D:1)
  2 kobolds (D:1)
  4 quokkas
  2 rats (D:1)
53 creatures vanquished.

Notes
Turn   | Place    | Note
-------+----------+-------------------------------------------
     0 | D:1      | KittyFluff the Gargoyle Berserker began the quest for the
                  | Orb.
     0 | D:1      | Reached XP level 1. HP: 14/14 MP: 1/1
   153 | D:1      | Reached XP level 2. HP: 15/19 MP: 2/2
   434 | D:1      | Reached XP level 3. HP: 23/23 MP: 3/3
   445 | D:1      | Found a faded altar of an unknown god.
   449 | D:1      | Noticed a golden eye
   451 | D:1      | Noticed a floating eye
   455 | D:1      | Noticed a great orb of eyes
   461 | D:1      | Noticed a floating eye
  1459 | D:2      | Reached XP level 4. HP: 17/29 MP: 4/4
  1556 | D:2      | Noticed Jessica
  1565 | D:2      | Killed Jessica
  1839 | D:2      | Reached XP level 5. HP: 33/33 MP: 5/5
  1843 | D:2      | Reached ** piety under Trog
  1994 | D:3      | Noticed Sigmund
  1994 | D:3      | You fall into a shaft and drop 2 floors!
  1994 | D:5      | Entered Level 5 of the Dungeon
  2154 | D:5      | Reached XP level 6. HP: 38/38 MP: 6/6
  2245 | D:4      | HP: 1/39 [something/puff of flame (7)]
  2246 | D:4      | Slain by an orc wizard

Illustrated notes

Levels and vault maps discovered:
D:1:      heliophobic_arrival_glass_houses, layout_basic,
          hellmonk_ecumenical_altar_watching_god
D:2:      layout_basic, nicolae_concentric_dashed_squares_wild, uniq_jessica
D:3:      layout_rooms, nicolae_wormholes, uniq_sigmund
D:4:      minmay_bubble_buster, layout_gridville,
          chequers_temple_overflow_statue_of_worship, dk_noncrumbling_4
D:5:      layout_basic

Skill      XL: |  1  2  3  4  5 |
---------------+----------------+-----
Armour         | 3 4 |  4.5
Dodging        | 2 |  2.4
Fighting       | 4 |  4.3
Maces & Flails | 4 |  4.6

Action                     |  1- 3 |  4- 6 || total
---------------------------+-------+-------++-------
  Melee: Mace              |    66 |    88 ||   154
   Stab: Sleeping          |     1 |       ||     1
 Armour: Animal skin       |    20 |    34 ||    54
  Dodge: Dodged            |    43 |    46 ||    89
  Block: Buckler           |     6 |    12 ||    18
